 Dungeon Crawl Stone Soup version 0.16.2-12-gd0ad4c3 (webtiles) character file.

161 Gartch the Digger (level 5, -1/28 HPs)
             Began as a Gargoyle Earth Elementalist on Oct 23, 2015.
             Slain by an orc priest
             ... wielding a +0 mace
              (5 damage)
             ... on level 3 of the Dungeon on Oct 24, 2015.
             The game lasted 00:54:16 (5967 turns).

Gartch the Digger (Gargoyle Earth Elementalist)     Turns: 5967, Time: 00:54:16

Health: -1/28      AC:  6    Str: 11    XL:     5   Next: 42%
Magic:  1/13       EV: 12    Int: 17    God:
Gold:   145        SH:  0    Dex: 10    Spells: 4 memorised, 3 levels left

rFire  . . .     SeeInvis .     m - +0 flail
rCold  . . .     Clarity  .     c - +0 robe
rNeg   + . .     SustAb   .     (no shield)
rPois  ∞         Gourm    .     (no helmet)
rElec  +         Spirit   .     (no cloak)
rCorr  .         Warding  .     (no gloves)
rMut   .         Stasis   .     (no boots)
MR     .....                    (no amulet)
Stlth  ++........               (no ring)
                                (no ring)

@: very slightly contaminated, not resistant to hostile enchantments, unstealthy
A: negative energy resistance 1, electricity resistance, unbreathing,
petrification resistance, rot immunity, AC +4
a: no special abilities


You were on level 3 of the Dungeon.
You were not hungry.

You visited 1 branch of the dungeon, and saw 4 of its levels.

You collected 145 gold pieces.

Inventory:

Hand weapons
 e - a +0 club
 f - a +0 hunting sling
 h - a +0 mace
 m - a +0 flail (weapon)
Missiles
 b - 69 stones (quivered)
 n - 12 poisoned needles
 p - 19 arrows of frost
Armour
 c - a +0 robe (worn)
 o - a cursed +0 shield
 w - a +0 pair of boots
Scrolls
 i - 2 scrolls of identify
 j - a scroll of teleportation {unknown}
 l - 2 scrolls of random uselessness {unknown}
 q - a scroll of fear {unknown}
 r - a scroll of noise {unknown}
Potions
 g - a potion of curing
 s - a potion of lignification {unknown}
 t - a potion of poison {unknown}
Books
 d - a book of Geomancy

   Spells                             Type                      Level
   a - Sandblast                      Earth                        1
   b - Stoneskin                      Transmutation/Earth          2
   c - Passwall                       Transmutation/Earth          3
   d - Stone Arrow                    Conjuration/Earth            3
   e - Petrify                        Transmutation/Earth          4
   f - Lee's Rapid Deconstruction     Earth                        5
Comestibles
 a - 5 bread rations
 k - a meat ration
 u - a chunk of flesh
 v - a royal jelly


   Skills:
 - Level 1.5 Dodging
 - Level 2.1 Stealth
 * Level 4.2 Spellcasting
 + Level 1.5 Conjurations
 - Level 0.7 Transmutations
 + Level 4.5 Earth Magic


You had 3 spell levels left.
You knew the following spells:

 Your Spells              Type           Power        Failure   Level  Hunger
a - Sandblast             Erth           ###...       2%          1    None
b - Stoneskin             Trmt/Erth      ##......     10%         2    ##.....
c - Passwall              Trmt/Erth      ##........   17%         3    ###....
d - Stone Arrow           Conj/Erth      ##....       14%         3    ###....


Dungeon Overview and Level Annotations

Branches:
Dungeon (4/15)
 Temple: D:4-7

Altars:
Makhleb

Annotations:
D:2 Crazy Yiuf, Robin, Terence
D:3 Grinder, Jessica


Innate Abilities, Weirdness & Mutations

You are resistant to torment.
You are immune to poison.
Your stone body is very resilient (AC +4).
You resist negative energy.
You are resistant to electric shocks.
You can survive without breathing.
You are immune to petrification.
You are immune to rotting.


Message History

You hit the orc priest.
The orc priest is moderately wounded.
The orc priest hits you with a mace.
You barely miss the orc priest.
The orc priest is moderately wounded.
Your skin feels tender.
The orc priest hits you with a mace.
* * * LOW HITPOINT WARNING * * *
You hit the orc priest but do no damage.
The orc priest is moderately wounded.
The orc priest hits you with a mace.
* * * LOW HITPOINT WARNING * * *
You closely miss the orc priest.
The orc priest is moderately wounded.
The orc priest becomes somewhat translucent.
The orc priest hits you but does no damage.
You hit the orc priest but do no damage.
The orc priest is moderately wounded.
The orc priest hits you with a mace.
You die...

.......#######...# #...# #.#
..........)......# #...# #.#
[#...#.#######.#)###...#### #.#
.#...#.# #.#()........# #.###
.......# #.#..........# #...#
.......# #.#.(........# ###.#
.##.#.## #.#.###...#### #.#
.##.#.# #####.#o###...# #.#
.##.#.## #......@..#...# #.#
.##....###.#######.#...########.#
....###.##.# #.#............#
##.# ##.#.# #......<.....### ...#
#...# #.###.##.###.### ##.##
##.#.# #.# #....# #....
##.###....# #.# ####.###.###
##...###.#######.# #.....# #####
#.........# ###.###


You could see an orc priest.

Vanquished Creatures
  An orc wizard (D:3)
  4 adders (D:2)
  2 worms
  A giant mite (D:2)
  A giant gecko (D:1)
  8 orcs
  3 ball pythons
  3 giant cockroaches
  8 hobgoblins
  3 jackals
  A quokka (D:2)
  5 bats
  4 giant newts
  18 goblins
  7 kobolds
  5 rats
74 creatures vanquished.

Notes
Turn   | Place    | Note
--------------------------------------------------------------
     0 | D:1      | Gartch, the Gargoyle Earth Elementalist, began the quest for the Orb.
     0 | D:1      | Reached XP level 1. HP: 10/10 MP: 3/3
   884 | D:1      | Reached XP level 2. HP: 15/15 MP: 3/5
   919 | D:1      | Learned a level 2 spell: Stoneskin
  1672 | D:2      | Noticed Terence
  1683 | D:2      | Found a burning altar of Makhleb.
  1694 | D:2      | Reached XP level 3. HP: 19/19 MP: 2/8
  1771 | D:1      | Learned a level 3 spell: Passwall
  2183 | D:2      | Reached skill level 4 in Earth Magic
  2551 | D:2      | Reached XP level 4. HP: 24/24 MP: 3/10
  2556 | D:2      | Learned a level 3 spell: Stone Arrow
  3115 | D:2      | Noticed Robin
  3656 | D:3      | Noticed Jessica
  4088 | D:2      | Noticed Crazy Yiuf
  4145 | D:3      | Noticed Grinder
  4167 | D:3      | Paralysed by Grinder for 3 turns
  4789 | D:3      | Paralysed by Grinder for 4 turns
  4923 | D:4      | Noticed an ogre
  4973 | D:4      | Noticed a phantom
  5061 | D:4      | Reached XP level 5. HP: 25/28 MP: 5/13
  5097 | D:4      | Reached skill level 1 in Conjurations
  5967 | D:3      | Slain by an orc priest

Action                   |  1- 3 |  4- 6 || total
-------------------------+-------+-------++-------
Melee: Club              |     1 |       ||     1
       Mace              |    11 |     1 ||    12
       Flail             |       |    15 ||    15
Throw: Stone             |    33 |    60 ||    93
 Cast: Sandblast         |    59 |   106 ||   165
       Stoneskin         |       |    20 ||    20
  Use: Scroll            |     1 |       ||     1
 Stab: Sleeping          |     3 |     1 ||     4
  Eat: Chunk             |     5 |    11 ||    16
